 Dungeon Crawl Stone Soup version 0.21.1-1-g345015f (webtiles) character file.

123340 Pad the Alchemist (level 16, -15/158 HPs)
             Began as a Naga Transmuter on July 15, 2018.
             Was a High Priest of Sif Muna.
             Demolished by a merfolk
             ... wielding a +1 spear of venom
              (19 damage)
             ... on level 2 of the Shoals on July 16, 2018.
             The game lasted 03:21:17 (37254 turns).

Pad the Alchemist (Naga Transmuter)                Turns: 37254, Time: 03:21:18

Health: -15/158    AC:  2    Str: 13    XL:     16   Next: 90%
Magic:  21/27      EV: 30    Int: 19    God:    Sif Muna [*****.]
Gold:   2196       SH:  8    Dex: 18    Spells: 15/30 levels left

rFire    . . .     SeeInvis +     - Unarmed
rCold    . . .     Gourm    .   (shield currently unavailable)
rNeg     + . .     Faith    .   (armour currently unavailable)
rPois    x         Spirit   .   (helmet currently unavailable)
rElec    .         Reflect  +   (cloak currently unavailable)
rCorr    .         Harm     .   (gloves currently unavailable)
MR       ++...                  (no barding)
Stlth    ++........             H - brooch of Shielding {Reflect SH+8}
HPRegen  0.36/turn              n - ring of positive energy
MPRegen  0.20/turn              K - +2 ring of evasion

@: spider-form
A: tiny, see invisible, slow metabolism 1, spit poison 1, AC +5
a: Spit Poison, End Transformation, Divine Energy, Channel Magic, Forget Spell,
Renounce Religion


You were on level 2 of the Shoals.
You worshipped Sif Muna.
Sif Muna was extremely pleased with you.
You were hungry.
You were a venomous arachnid creature.
You visited 6 branches of the dungeon, and saw 26 of its levels.
You also visited: Labyrinth, Sewer and Ice Cave.

You collected 2196 gold pieces.

Inventory:

Hand Weapons
 a - the +9 hand crossbow "Odduta" (melded) {speed, rPois rN++}
   (You found it in an ice cave)

   Attacks with this weapon are significantly faster.
   It protects you from poison.
   It greatly protects you from negative energy.
Missiles
 x - 35 bolts
Armour
 i - a +2 robe of magic resistance (melded)
 m - a +2 shield (melded)
 A - a +0 cloak of invisibility (melded)
 N - a +1 pair of gloves (melded)
Jewellery
 b - an uncursed ring of flight
 n - a ring of positive energy (left front leg)
 H - the brooch of Shielding (around neck) {Reflect SH+8}
   (You found it on level 9 of the Dungeon)

   [amulet of reflection]

   It shields you and reflects attacks.
   It affects your SH (+8).
 K - a +2 ring of evasion (right front leg)
Wands
 f - a wand of iceblast (13)
 o - a wand of scattershot (5)
 u - a wand of disintegration (29)
 y - a wand of flame (70)
 B - a wand of clouds (6)
 D - a wand of acid (6)
Scrolls
 e - 5 scrolls of identify
 l - 3 scrolls of teleportation
 p - a scroll of fog
 r - a scroll of remove curse
 s - a scroll of amnesia
 t - a scroll of summoning
 z - 3 scrolls of fear
 F - 6 scrolls of magic mapping
 P - 3 scrolls of enchant weapon
Potions
 g - a potion of curing
 j - a potion of brilliance
 k - 2 potions of resistance
 q - a potion of ambrosia
Books
 c - a book of Debilitation

   Spells                             Type                      Level
   a - Corona                         Hexes                        1
   b - Slow                           Hexes                        2
   c - Inner Flame                    Hexes/Fire                   3
   d - Portal Projectile              Hexes/Translocation          3
   e - Cause Fear                     Hexes                        4
   f - Leda's Liquefaction            Hexes/Earth                  4
 h - Wonuha Haog's Disquisition on Lucky Transformation
   (Sif Muna gifted it to you on level 1 of the Spider Nest)

   Spells                             Type                      Level
   a - Infusion                       Charms                       1
   b - Excruciating Wounds            Charms/Necromancy            5
   c - Alistair's Intoxication        Transmutation/Poison         5
   d - Deflect Missiles               Charms/Air                   6
   e - Death's Door                   Charms/Necromancy            8
Miscellaneous
 v - a lightning rod (4/4)
Comestibles
 d - 34 rations


   Skills:
 * Level 13.9 Fighting
 + Level 3.9 Crossbows
 + Level 8.3 Dodging
 + Level 7.6 Shields
 * Level 14.1 Unarmed Combat
 + Level 7.5 Spellcasting
 - Level 5.0 Charms
 - Level 15.0 Transmutations


You had 15 spell levels left.
You knew the following spells:

 Your Spells              Type           Power        Failure   Level  Hunger
b - Spider Form           Tmut/Pois      #####.....   6%          3    #......
c - Blade Hands           Tmut           ######....   3%          5    #####..
d - Ice Form              Ice/Tmut       #####...     13%         4    ###....
f - Ozocubu's Armour      Chrm/Ice       ###.....     26%         3    #......


Dungeon Overview and Level Annotations

Branches:
Dungeon (12/15)            Temple (1/1) D:4            Lair (6/6) D:10
 Shoals (2/4) Lair:2       Spider (3/4) Lair:3        Slime (0/5) Lair:6
    Orc (2/2) D:12
    Elf: Orc:2

Altars:
Ashenzari
Cheibriados
Dithmenos
Elyvilon
Fedhas
Gozag
Hepliaklqana
Kikubaaqudgha
Makhleb
Nemelex Xobeh
Okawaru
Qazlal
Ru
Sif Muna
Trog
Uskayaw
Vehumet
Wu Jian
Xom
Yredelemnul
Zin
The Shining One
Beogh

Shops:
Orc:2 *(

Annotations:
Lair:1 exclusion: oklob plant
Spider:3 Mara


Innate Abilities, Weirdness & Mutations

You cannot wear boots.
((Your serpentine skin is tough. (AC +5)))
You have supernaturally acute eyesight. (SInv)
((Armour fits poorly on your strangely shaped body.))
((Your system is resistant to poisons. (rPois)))
((You cover ground very slowly.))
You have a slow metabolism.
You can spit poison.
((You can use your snake-like lower body to constrict enemies.))


Message History

The merfolk impaler barely misses your manticore.
You block the merfolk's attack.
Casting: Blade Hands
Confirm with . or Enter, or press ? or * to list all spells.
You turn into a venomous arachnid creature.
The +9 hand crossbow "Odduta" {speed, rPois rN++} melds into your body.
Your +0 cloak of invisibility melds into your body.
Your +1 pair of gloves melds into your body.
Your +2 shield melds into your body.
Your +2 robe of magic resistance melds into your body.
You feel less resistant to hostile enchantments.
Your merfolk closely misses the merfolk impaler.
The merfolk impaler barely misses your manticore.
Your manticore bites the merfolk impaler.
Your manticore claws the merfolk impaler.
Your manticore closely misses the merfolk impaler.
Your merfolk misses the merfolk impaler.
The merfolk hits your manticore with a spear!
The merfolk hits you from afar with a spear of venom!!
You die...

..##........≈≈≈≈≈≈≈≈≈
≈..........).≈≈≈≈≈≈≈≈
≈...........≈..≈≈≈≈≈≈
≈≈≈≈....≈....≈≈≈≈≈≈≈≈
≈≈≈≈≈≈.......≈≈≈≈≈≈≈≈
≈≈≈≈≈≈≈≈....≈≈≈≈≈≈≈≈≈
≈≈≈≈≈≈......≈≈≈≈≈≈≈≈≈
≈≈≈.≈≈.......≈≈≈≈≈≈
≈≈≈≈≈≈≈.s≈≈.≈≈≈≈≈≈≈
≈....≈.m.m≈....≈≈≈
≈......mH......≈≈≈
≈......mmm..≈≈≈≈≈≈
..####.......≈≈≈≈≈
##.......≈≈≈≈≈
#...≈.....≈≈≈
...!.((..≈.....≈≈≈
....(.....###.≈≈≈≈


You could see a merfolk impaler, 3 merfolk, 2 friendly merfolk and a friendly
manticore.

Vanquished Creatures
  Nikola (Spider:1)
  Jorgrun (Spider:3)
  The ghost of Monsterracer the Brawler, an adept OgSu of Sif Muna (Spider:1)
  Donald (Shoals:1)
  3 emperor scorpions
  An orc warlord (D:12)
  Louise (Shoals:1)
  2 entropy weavers
  A dire elephant (Lair:6)
  A fire dragon (Lair:6)
  A merfolk impaler (Shoals:2)
  A minotaur (Lab)
  Josephine (D:12)
  A merfolk avatar (Shoals:2)
  3 hydras
  2 two-headed ogres
  Urug (Lair:4)
  An orc high priest (Orc:2)
  A sea snake (Shoals:1)
  A swamp dragon (Lair:6)
  An unseen horror (D:12)
  Pikel (D:4)
  17 harpies
  4 ugly things
  10 orb spiders
  An orc knight (Orc:2)
  18 wolf spiders
  2 orc sorcerers
  4 manticores
  7 fauns
  15 elephants
  Psyche (D:9)
  A torpor snail (Spider:1)
  5 merfolk sirens
  A moth of wrath (Spider:1)
  2 black mambas
  2 water nymphs (Shoals:1)
  A gargoyle (Lab)
  A centaur skeleton (D:12)
  6 rime drakes
  12 spiny frogs
  A kobold demonologist (D:11)
  The ghost of TotesWizzard the Chiller, a novice MfIE of Vehumet (D:5)
  6 demonic crawlers
  11 komodo dragons
  4 trolls
  21 jumping spiders
  13 polar bears
  4 meliai
  6 merfolk
  Grinder (D:6)
  4 hornets
  A minotaur skeleton (Lab)
  12 blink frogs
  A raiju (Lair:6)
  17 dream sheep
  3 snapping turtles
  12 hippogriffs
  Sigmund (D:5)
  5 water elementals
  33 redbacks
  A vampire (D:12)
  5 wraiths (D:12)
  6 wyverns
  Eustachio (D:4)
  2 basilisks
  14 tarantellas
  3 steam dragons
  20 yaks
  2 hungry ghosts
  Menkaure (D:5)
  9 wargs
  8 water moccasins
  2 acid dragons
  2 swamp drakes (Lair:6)
  16 hell hounds (Lair:6)
  8 porcupines
  Purgy (Sewer)
  A meliai simulacrum (D:12)
  20 ice beasts
  13 black bears
  24 orc warriors
  A sky beast (D:10)
  A slave (D:4)
  A phantom (D:4)
  An eye of draining (D:11)
  10 ogres
  19 wolves
  12 centaurs
  11 crocodiles
  A big kobold (D:10)
  13 bullfrogs
  2 scorpions
  7 killer bees (D:12)
  3 howler monkeys (D:8)
  An electric eel (D:9)
  3 bullfrog zombies
  5 crimson imps
  A quasit (D:8)
  A jelly (D:9)
  A centaur zombie (D:10)
  10 orc priests
  2 hounds
  4 hell rats
  Ijyb (D:5)
  13 orc wizards
  9 worker ants
  3 iguanas
  A hound skeleton (D:4)
  A howler monkey skeleton (D:8)
  3 gnolls (D:10)
  2 river rats (D:4)
  7 adders
  A shadow imp (D:6)
  2 oozes (D:1)
  A worm (D:5)
  An adder skeleton (D:5)
  The ghost of letownia2 the Insei, a weakling DsGl (D:3)
  2 dart slugs
  A leopard gecko (D:9)
  74 orcs
  6 bats
  9 giant cockroaches
  8 goblins
  6 hobgoblins
  13 jackals
  13 kobolds
  5 quokkas
  A ball python (D:4)
  6 frilled lizards
  A leopard gecko skeleton (D:4)
  10 rats
  4 fungi
  4 plants
773 creatures vanquished.

Vanquished Creatures (collateral kills)
  A merfolk (Shoals:2)
1 creature vanquished.

Vanquished Creatures (others)
  A satyr (Shoals:2)
  A faun (Shoals:1)
  29 fungi
  23 plants
54 creatures vanquished.

Grand Total: 828 creatures vanquished

Notes
Turn   | Place    | Note
-------+----------+-------------------------------------------
     0 | D:1      | Pad the Naga Transmuter began the quest for the Orb.
     0 | D:1      | Reached XP level 1. HP: 18/18 MP: 3/3
   307 | D:1      | Reached XP level 2. HP: 24/25 MP: 3/5
   795 | D:1      | Reached skill level 3 in Transmutations
  1153 | D:1      | Reached XP level 3. HP: 31/31 MP: 4/6
  1158 | D:1      | Learned a level 3 spell: Spider Form
  1783 | D:2      | Reached skill level 4 in Transmutations
  1972 | D:2      | Found a white marble altar of Elyvilon.
  1975 | D:2      | Found a basalt altar of Yredelemnul.
  1989 | D:2      | Found a sparkling altar of Nemelex Xobeh.
  1992 | D:2      | Found a hazy altar of Hepliaklqana.
  2000 | D:2      | Reached XP level 4. HP: 30/38 MP: 5/7
  2510 | D:3      | Noticed letownia2's ghost (weakling DsGl)
  2520 | D:3      | Killed letownia2's ghost
  3166 | D:3      | Found a shattered altar of Ashenzari.
  3471 | D:4      | Found a staircase to the Ecumenical Temple.
  3482 | D:4      | Reached XP level 5. HP: 31/44 MP: 8/8
  3492 | D:4      | Noticed an ogre
  3500 | D:4      | Killed an ogre
  3500 | D:4      | Reached skill level 5 in Transmutations
  3589 | D:4      | Noticed Eustachio
  3628 | D:4      | Killed Eustachio
  3628 | D:4      | Reached XP level 6. HP: 42/55 MP: 3/9
  3696 | D:4      | Noticed a slave
  3732 | D:4      | Killed a slave
  3804 | D:4      | Noticed a slave
  3806 | D:4      | Noticed Pikel
  3806 | D:4      | Noticed a slave
  3811 | D:4      | Paralysed by Pikel for 7 turns
  3816 | D:4      | Noticed a slave
  3839 | D:4      | Killed Pikel
  3839 | D:4      | Reached skill level 7 in Transmutations
  3839 | D:4      | Reached XP level 7. HP: 39/63 MP: 3/10
  3954 | D:4      | Found a deep blue altar of Sif Muna.
  3957 | D:4      | Became a worshipper of Sif Muna the Loreminder
  4023 | D:4      | Found a glowing drain.
  4121 | Sewer    | Entered a sewer
  4301 | Sewer    | Noticed Purgy
  4315 | Sewer    | Killed Purgy
  4315 | Sewer    | Reached XP level 8. HP: 69/72 MP: 8/11
  4495 | D:4      | Reached skill level 5 in Unarmed Combat
  4803 | D:5      | Entered Level 5 of the Dungeon
  4867 | Temple   | Entered the Ecumenical Temple
  5175 | D:5      | Found a radiant altar of Vehumet.
  5245 | D:5      | Noticed Sigmund
  5667 | D:5      | Killed Sigmund
  5708 | D:5      | Noticed Menkaure
  5717 | D:5      | Noticed Ijyb
  5853 | D:5      | Killed Menkaure
  5853 | D:5      | Reached skill level 8 in Transmutations
  5927 | D:5      | Killed Ijyb
  6047 | D:5      | Reached * piety under Sif Muna
  6071 | D:5      | Noticed TotesWizzard's ghost (novice MfIE)
  6076 | D:5      | Killed TotesWizzard's ghost
  6076 | D:5      | Reached skill level 5 in Fighting
  6076 | D:5      | Reached XP level 9. HP: 81/81 MP: 12/12
  6215 | D:6      | Noticed Grinder
  6237 | D:6      | Killed Grinder
  6382 | D:6      | Got a shimmering ring mail
  6910 | D:7      | Reached skill level 9 in Transmutations
  7327 | D:8      | Found a burning altar of Makhleb.
  7468 | D:8      | Noticed a two-headed ogre
  7494 | D:8      | Killed a two-headed ogre
  7494 | D:8      | Reached ** piety under Sif Muna
  7494 | D:8      | Reached XP level 10. HP: 61/91 MP: 6/15
  7810 | D:8      | Found a shadowy altar of Dithmenos.
  7810 | D:8      | Found a stormy altar of Qazlal.
  7841 | D:8      | Found an iron altar of Okawaru.
  7841 | D:8      | Found a blossoming altar of Fedhas.
  8163 | D:8      | Reached skill level 10 in Transmutations
  8465 | D:9      | Found the brooch of Shielding {Reflect SH+8}
  8641 | D:9      | Noticed a two-headed ogre
  8665 | D:9      | Killed a two-headed ogre
  8958 | D:9      | Learned a level 5 spell: Blade Hands
  9015 | D:9      | Found an opulent altar of Gozag.
  9030 | D:9      | Noticed Psyche
  9051 | D:9      | Killed Psyche
  9252 | D:9      | Reached skill level 5 in Spellcasting
  9422 | D:9      | Reached *** piety under Sif Muna
  9663 | D:9      | Reached XP level 11. HP: 99/99 MP: 13/18
  9677 | D:10     | Entered Level 10 of the Dungeon
  9830 | D:10     | Reached skill level 5 in Dodging
  9830 | D:10     | Reached skill level 11 in Transmutations
  9933 | D:10     | Found a staircase to the Lair.
  9939 | Lair:1   | Entered Level 1 of the Lair of Beasts
 10185 | Lair:1   | Noticed an oklob plant
 11187 | Lair:2   | Learned a level 4 spell: Ice Form
 11238 | Lair:2   | Reached skill level 1 in Shields
 11268 | Lair:2   | Reached **** piety under Sif Muna
 11282 | Lair:2   | Found a staircase to the Shoals.
 11283 | Lair:2   | Noticed a manticore
 11289 | Lair:2   | Killed a manticore
 11289 | Lair:2   | Reached skill level 12 in Transmutations
 11581 | Lair:2   | Got a brightly glowing war axe
 11582 | Lair:2   | Identified the +10 war axe "Rybax" {freeze, rC+ Int+7} (You found it on level 2 of the Lair of Beasts)
 12071 | Lair:2   | Identified the +3 ring mail of the Cricket {Str+4 SInv} (You found it on level 6 of the Dungeon)
 12198 | Lair:3   | Reached XP level 12. HP: 110/111 MP: 10/19
 12643 | Lair:3   | Found a hole to the Spider Nest.
 12877 | Lair:3   | Found a snail-covered altar of Cheibriados.
 13189 | Lair:4   | Noticed Urug
 13218 | Lair:4   | Killed Urug
 13405 | Lair:4   | Reached skill level 13 in Transmutations
 13857 | Lair:4   | Got a faintly humming ring mail
 14745 | Lair:5   | Noticed a seven-headed hydra
 14751 | Lair:5   | Killed a seven-headed hydra
 14751 | Lair:5   | Reached skill level 10 in Unarmed Combat
 14783 | Lair:5   | Learned a level 6 spell: Hydra Form
 14809 | Lair:5   | Gained mutation: You can use your snake-like lower body to constrict enemies. [Naga growth]
 14809 | Lair:5   | Reached XP level 13. HP: 92/121 MP: 4/20
 14814 | Lair:5   | Reached ***** piety under Sif Muna
 15438 | Lair:5   | Identified Sif Muna's Compendium of Virous Summoning (Sif Muna gifted it to you on level 5 of the Lair of Beasts)
 15438 | Lair:5   | Received a gift from Sif Muna
 15438 | Lair:5   | Reached skill level 10 in Fighting
 15788 | Lair:6   | Entered Level 6 of the Lair of Beasts
 16139 | Lair:6   | Reached skill level 14 in Transmutations
 16368 | Lair:6   | Reached skill level 5 in Shields
 16376 | Lair:6   | Found a frozen archway.
 16393 | IceCv    | Entered an ice cave
 16438 | IceCv    | Got a translucent hand crossbow
 16645 | Lair:6   | Noticed a dire elephant
 16712 | Lair:6   | Killed a dire elephant
 16743 | Lair:6   | Reached XP level 14. HP: 89/133 MP: 9/21
 17256 | Lair:6   | HP: 2/135 [fire dragon/blast of flame (20)]
 17447 | Lair:6   | Got a translucent hunting sling
 17530 | Lair:6   | Found a staircase to the Slime Pits.
 17922 | Lair:2   | Identified the cursed +1 ring mail "Regua" {MR- Str+3 Int+4} (You found it on level 4 of the Lair of Beasts)
 17945 | Lair:2   | Identified the +2 hunting sling "Haaceikk" {speed, +Fly rN+ MR+} (You found it on level 6 of the Lair of Beasts)
 17946 | Lair:2   | Identified the +9 hand crossbow "Odduta" {speed, rPois rN++} (You found it in an ice cave)
 18358 | D:10     | Learned a level 3 spell: Ozocubu's Armour
 18977 | D:11     | Found a labyrinth entrance.
 18985 | Lab      | Entered a labyrinth
 19213 | Lab      | Identified Sif Muna's Almanac of Transformation and Conjuration
 19215 | Lab      | Got a fine rapier
 19263 | D:11     | Reached skill level 1 in Charms
 19644 | D:12     | Identified Sif Muna's Compendium of Ashen Attacks (Sif Muna gifted it to you on level 12 of the Dungeon)
 19644 | D:12     | Received a gift from Sif Muna
 19793 | D:12     | Noticed Josephine
 19796 | D:12     | Killed Josephine
 20574 | D:12     | Found a staircase to the Orcish Mines.
 21206 | D:12     | Reached skill level 15 in Transmutations
 21333 | Lair:2   | Identified the +6 rapier "Vefib" {pierce, *Rage +Rage rN+++ MR+} (You found it in a labyrinth)
 21880 | Orc:1    | Entered Level 1 of the Orcish Mines
 22717 | Orc:1    | Noticed an orc warlord
 23031 | D:12     | Killed an orc warlord
 23031 | D:12     | Reached XP level 15. HP: 51/144 MP: 19/23
 23334 | Orc:1    | Paralysed by an orc sorcerer for 6 turns
 23762 | Orc:2    | Entered Level 2 of the Orcish Mines
 23964 | Orc:2    | Found Mieky's General Store.
 23993 | Orc:2    | Noticed an orc warlord
 24318 | Orc:2    | Found a roughly hewn altar of Beogh.
 24410 | Orc:2    | Found Leoti's Antique Weapon Boutique.
 25585 | Spider:1 | Entered Level 1 of the Spider Nest
 26363 | Spider:1 | Noticed Monsterracer's ghost (adept OgSu)
 27531 | Spider:1 | Reached skill level 1 in Crossbows
 27799 | Spider:1 | Killed Monsterracer's ghost
 28089 | Spider:1 | Identified Wonuha Haog's Disquisition on Lucky Transformation (Sif Muna gifted it to you on level 1 of the Spider Nest)
 28089 | Spider:1 | Received a gift from Sif Muna
 28732 | Spider:1 | Noticed Nikola
 28931 | Spider:1 | Killed Nikola
 29212 | Spider:1 | Got an ichor-stained morningstar
 29705 | Spider:2 | Noticed an emperor scorpion
 29771 | Spider:1 | Killed an emperor scorpion
 32359 | Spider:3 | Reached XP level 16. HP: 142/156 MP: 20/25
 32805 | Spider:3 | HP: 6/156 [emperor scorpion (7)]
 33476 | Spider:3 | Noticed Jorgrun
 33487 | Spider:3 | Killed Jorgrun
 33731 | Spider:3 | Noticed Mara
 33840 | Lair:2   | Identified the +7 morningstar of Responsibility {pain, +Fly Dex+4} (You found it on level 1 of the Spider Nest)
 33899 | Shoals:1 | Entered Level 1 of the Shoals
 33916 | Shoals:1 | Noticed Louise
 33925 | Shoals:1 | Killed Louise
 33925 | Shoals:1 | Reached skill level 5 in Charms
 34436 | Shoals:1 | Found the +10 morningstar "Eos" {elec, Halo rElec}
 35490 | Shoals:1 | Noticed Donald
 35999 | Shoals:1 | Killed Donald
 37252 | Shoals:2 | HP: 3/158 [merfolk/spear (11)]
 37254 | Shoals:2 | Demolished by a merfolk

Skill      XL: |  1  2  3  4  5  6  7  8  9 10 11 12 13 14 15 16 |
---------------+-------------------------------------------------+-----
Transmutations | 3 4 5 7 8 9 10 12 13 14 15 | 15.0
Fighting       | 2 3 5 6 8 9 10 12 13 | 13.9
Unarmed Combat | 4 5 6 7 8 10 11 12 13 14 | 14.1
Dodging        | 2 3 4 5 6 7 8 |  8.3
Spellcasting   | 3 5 6 7 |  7.5
Shields        | 2 4 5 6 7 |  7.6
Charms         | 2 4 5 |  5.0
Crossbows      | 2 3 |  3.9

Action                   |  1- 3 |  4- 6 |  7- 9 | 10-12 | 13-15 | 16-18 || total
-------------------------+-------+-------+-------+-------+-------+-------++-------
Melee: Unarmed           |   140 |   123 |   258 |   511 |  1034 |   258 ||  2324
       Headbutt          |    11 |     7 |    17 |     2 |     2 |       ||    39
       Punch             |     1 |       |     2 |    10 |    43 |    15 ||    71
       Constrict         |       |       |       |       |   168 |    47 ||   215
 Fire: Hand crossbow     |       |       |       |       |    93 |    89 ||   182
 Cast: Beastly Appendage |    31 |    18 |    19 |     8 |     3 |       ||    79
       Spider Form       |       |     6 |    25 |    16 |     3 |     1 ||    51
       Blade Hands       |       |       |       |    64 |   130 |    36 ||   230
       Hydra Form        |       |       |       |     2 |    10 |       ||    12
       Ice Form          |       |       |       |     1 |     7 |     3 ||    11
       Ozocubu's Armour  |       |       |       |       |     1 |       ||     1
 Abil: Spit Poison       |       |     4 |     8 |     7 |     4 |     3 ||    26
       End Transformatio |       |       |       |       |     8 |     3 ||    11
Evoke: Wand              |       |       |    18 |    11 |     8 |       ||    37
  Use: Scroll            |     6 |     1 |    11 |     7 |    12 |     9 ||    46
       Potion            |       |     1 |       |     3 |    14 |     6 ||    24
 Stab: Sleeping          |     1 |       |       |       |       |       ||     1
       Paralysed         |       |       |       |       |     3 |       ||     3
       Held in net/web   |       |       |       |       |     1 |       ||     1
  Eat: Chunk             |     3 |     3 |    10 |    34 |    31 |    10 ||    91
       Ration            |       |     1 |     1 |     4 |    10 |     4 ||    20
Armor: Robe              |    47 |    20 |    17 |       |   124 |    49 ||   257
       Skin              |       |     4 |     5 |    12 |   119 |     1 ||   141
       Troll leather arm |       |       |    18 |    59 |    53 |       ||   130
Dodge: Dodged            |    60 |    77 |   155 |   204 |   578 |   220 ||  1294
Block: Other             |       |       |       |   114 |   392 |   107 ||   613
       Reflection        |       |       |       |     7 |    10 |    25 ||    42
       Shield            |       |       |       |       |    44 |    48 ||    92
